 Dungeon Crawl Stone Soup version 0.28.0-62-gf88900778d (webtiles) character file.

Game seed: 9924020681523583547

86 cbfl8 the Skirmisher (level 4, -3/35 HPs)
             Began as a Demonspawn Fighter on July 1, 2023.
             Killed from afar by Natasha (7 damage)
             ... with a puff of flame
             ... on level 3 of the Dungeon.
             The game lasted 00:02:21 (3081 turns).

cbfl8 the Skirmisher (Demonspawn Fighter)           Turns: 3081, Time: 00:02:21

Health: -3/35      AC:  9    Str: 17    XL:     4   Next: 27%
Magic:  4/4        EV:  9    Int:  9    God:
Gold:   934        SH:  4    Dex: 14    Spells: 3/3 levels left

rFire   . . .      SeeInvis .   a - +0 war axe
rCold   . . .      Faith    .   c - +0 buckler
rNeg    . . .      Spirit   .   b - +0 scale mail
rPois   .          Reflect  .   (no helmet)
rElec   .          Harm     .   (no cloak)
rCorr   .          Rampage  .   d - +0 pair of gloves
Will    .....                   (no boots)
Stlth   ..........              (no amulet)
HPRegen 0.11/turn               (no ring)
MPRegen 0.09/turn               (no ring)

@: slowed, very slow
A: claws 1, icy blue scales 1, powered by death 1
a: no special abilities


You were on level 3 of the Dungeon.
You visited 1 branch of the dungeon, and saw 3 of its levels.

You collected 934 gold pieces.

Inventory:

Hand Weapons
 a - a +0 war axe (weapon)
Armour
 b - a +0 scale mail (worn)
 c - a +0 buckler (worn)
 d - a +0 pair of gloves (worn)
Scrolls
 g - a scroll of noise {unknown}
 h - a scroll of blinking
 i - a scroll of immolation
Potions
 e - a potion of curing
 f - a potion of brilliance


   Skills:
 + Level 3.4 Fighting
 + Level 2.9 Axes
 + Level 3.0 Armour
 + Level 0.5 Dodging
 + Level 0.3 Stealth
 + Level 2.8 Shields
 * Level 1.3 Evocations


You had 3 spell levels left.
You didn't know any spells.
Your spell library was empty.

Dungeon Overview and Level Annotations

Branches:
Dungeon (3/15)

Altars:

Annotations:
D:3 Natasha


Innate Abilities, Weirdness & Mutations

You have sharp fingernails.
You are partially covered in icy blue scales. (AC +2)
You regenerate a little health from kills.


Message History

The magic dart hits you but does no damage.
There are monsters nearby!
You hit the shadow imp.
The shadow imp is moderately wounded.
The shadow imp hits you but does no damage.
You barely miss the shadow imp.
The shadow imp is moderately wounded.
The shadow imp hits you but does no damage.
You block the shadow imp's attack.
You hit the shadow imp.
The shadow imp is heavily wounded.
The shadow imp hits you.
You barely miss the shadow imp.
The shadow imp is heavily wounded.
The shadow imp gestures at you.
You barely resist.
You hit the shadow imp but do no damage.
The shadow imp is heavily wounded.
You block the shadow imp's attack. The shadow imp closely misses you.
You barely miss the shadow imp.
The shadow imp is heavily wounded.
The shadow imp hits you but does no damage.
You slash the shadow imp!
You kill the shadow imp!
The shadow imp disappears in a puff of smoke!
Natasha casts a spell at you.
You feel yourself slow down. Natasha casts a spell at you.
You feel as though you will be slow longer.
Natasha stares at you and mumbles some strange words.
The magic dart hits you!
You closely miss Natasha.
Natasha zaps a wand.
The puff of flame hits you!
* * * LOW HITPOINT WARNING * * *
Natasha zaps a wand.
The puff of flame misses you.
You hit Natasha.
Natasha is lightly wounded.
Natasha claws you.
* * * LOW HITPOINT WARNING * * *
Natasha zaps a wand.
The puff of flame hits you!
You die...

...###### #.......#
.######.# ..# #.# .##
#.# ## ##.## #### #
#...### #.. # #.....#
#h# ## #...#.# #@# .##
#####.# #.# ..## ##.#
#.# ...## ##..# #.#
....####...#####.#####.
....+...................
.[..####.....###........
...## #.......#########.
..## ##.....##


You could see Natasha.

Vanquished Creatures
  An adder (D:2)
  A dart slug (D:2)
  6 orcs
  4 bats
  6 endoplasms
  2 giant cockroaches (D:1)
  5 goblins
  12 hobgoblins
  5 jackals
  A quokka (D:3)
  7 ball pythons
  3 frilled lizards
  4 kobolds
  3 rats (D:1)
60 creatures vanquished.

Notes
Turn   | Place    | Note
-------+----------+-------------------------------------------
     0 | D:1      | cbfl8 the Demonspawn Fighter began the quest for the Orb.
     0 | D:1      | Reached XP level 1. HP: 18/18 MP: 1/1
   170 | D:1      | Gained mutation: You are partially covered in icy blue
                  | scales. (AC +2) [demonic ancestry]
   170 | D:1      | Reached XP level 2. HP: 24/24 MP: 2/2
   502 | D:1      | Reached skill level 1 in Evocations
   577 | D:1      | Gained mutation: You regenerate a little health from kills.
                  | [demonic ancestry]
   577 | D:1      | Reached XP level 3. HP: 29/29 MP: 3/3
  1713 | D:2      | HP: 1/29 [gnoll/+0 whip (3)]
  2353 | D:2      | Gained mutation: You have sharp fingernails. [demonic
                  | ancestry]
  2353 | D:2      | Reached XP level 4. HP: 26/35 MP: 4/4
  2437 | D:2      | Identified a scroll of acquirement
  2452 | D:2      | You fall into a shaft and drop 1 floor!
  2453 | D:3      | Acquired 835 gold pieces
  3067 | D:3      | Noticed Natasha
  3081 | D:3      | Killed from afar by Natasha

Illustrated notes

Levels and vault maps discovered:
D:1:      tarquinn_simple_flora_water_d, layout_loops_ring, st_stairs_14,
          minmay_tall_x
D:2:      layout_loops_corners, lightli_corner_chamber
D:3:      layout_loops_corners, chequers_serial_rivers_room_a, uniq_natasha

Skill      XL: |  1  2  3  4 |
---------------+-------------+-----
Axes           | 2 |  2.9
Evocations     | 1 |  1.3
Armour         | 3 |  3.0
Fighting       | |  3.4
Dodging        | |  0.5
Stealth        | |  0.3
Shields        | |  2.8

Action                   |  1- 3 |  4- 6 || total
-------------------------+-------+-------++-------
Melee: War axe           |   145 |    32 ||   177
  Use: Scroll            |     4 |     2 ||     6
       Potion            |     4 |       ||     4
Armor: Scale mail        |    84 |    12 ||    96
Dodge: Dodged            |    89 |     7 ||    96
Block: Buckler           |    48 |     9 ||    57
